 Dungeon Crawl Stone Soup version 0.24-a0-201-gf205589 (console) character file.

Game seed: 18275357135086160659

4 bli the Skirmisher (level 1, -9/18 HPs)
             Began as a Formicid Abyssal Knight on Mar 20, 2019.
             Was an Initiate of Lugonu.
             Mangled by a gnoll
             ... wielding a +0 halberd
              (10 damage)
             ... on level 1 of the Dungeon.
             The game lasted 00:02:33 (374 turns).

bli the Skirmisher (Formicid Abyssal Knight)         Turns: 374, Time: 00:02:34

Health: -9/18      AC:  3    Str: 16    XL:     1   Next: 66%
Magic:  2/2        EV: 11    Int: 11    God:    Lugonu [......]
Gold:   101        SH:  0    Dex: 10    Spells: 0/0 levels left

rFire    . . .     SeeInvis +   a - +1 falchion
rCold    . . .     Gourm    .   (no shield)
rNeg     . . .     Faith    .   b - +0 leather armour
rPois    .         Spirit   .   (helmet unavailable)
rElec    .         Reflect  .   (no cloak)
rCorr    .         Harm     .   (no gloves)
MR       .....                  (no boots)
Stlth    +.........             (no amulet)
HPRegen  0.06/turn              (no ring)
MPRegen  0.08/turn              (no ring)

@: no status effects
A: permanent stasis, dig shafts and tunnels, four strong arms, antennae 3
a: Dig, Shaft Self, Renounce Religion


You were on level 1 of the Dungeon.
You worshipped Lugonu.
Lugonu was noncommittal.
You were not hungry.

You visited 1 branch of the dungeon, and saw 1 of its levels.
You visited the Abyss 1 time.

You collected 101 gold pieces.

Inventory:

Hand Weapons
 a - a +1 falchion (weapon)
Missiles
 h - 21 stones (quivered)
Armour
 b - a +0 leather armour (worn)
 g - a +0 ring mail
Scrolls
 d - a scroll of identify {unknown}
 e - a scroll of enchant armour {unknown}
 j - a scroll of teleportation {unknown}
Potions
 i - a potion of lignification {unknown}
Comestibles
 c - 2 rations
 f - 3 chunks of flesh


   Skills:
 - Level 3.2 Fighting
 - Level 2.0 Long Blades
 - Level 2.1 Armour
 * Level 1.4 Dodging
 - Level 2.1 Invocations


You couldn't memorise any spells.
You didn't know any spells.
Your spell library was empty.

Dungeon Overview and Level Annotations

Branches:
Dungeon (1/15)

Altars:


Innate Abilities, Weirdness & Mutations

You cannot be hasted, slowed, berserked, paralysed or teleported.
You can dig through walls and to a lower floor.
Your four strong arms can wield two-handed weapons with a shield.
You have a pair of large antennae on your head. (SInv)


Message History

The jackal barks!
You hit the gnoll.
The gnoll is heavily wounded.
You hear a bark!
A jackal comes into view.
The gnoll closely misses you.
A jackal comes into view.
You closely miss the gnoll.
The gnoll is heavily wounded.
The gnoll barely misses you.
You riposte.
You closely miss the gnoll.
The gnoll is heavily wounded.
You barely miss the gnoll.
The gnoll is heavily wounded.
The gnoll hits you with a +0 halberd.
* * * LOW HITPOINT WARNING * * *
You slash the gnoll!
The gnoll is almost dead.
The gnoll hits you with a +0 halberd!
Ouch! That really hurt!
You die...

#.......####.###.....#
#.......#...## #.....#
#......รท.#######.....#
#....................#
#.#...########....>..#
#.#...# #.....#.#
#.#...# #.....#.#
#.##### #.....#.# #.#
###.#.#.# #.# #.#.#.#
#.# #@#.#.# #.# #g#.#.#
#h#.#.# #h#.#.# #h#.#.#
#.# #.# #.# #.#


You could see a gnoll and 3 jackals.

Vanquished Creatures
  A ball python (D:1)
  A hobgoblin (D:1)
  A bat (D:1)
  A frilled lizard (D:1)
4 creatures vanquished.

Notes
Turn   | Place    | Note
-------+----------+-------------------------------------------
     0 | Abyss:1  | bli the Formicid Abyssal Knight began the quest for the
                  | Orb.
     0 | Abyss:1  | Reached XP level 1. HP: 18/18 MP: 2/2
    70 | Abyss:1  | Noticed a small abomination
    89 | Abyss:1  | Noticed a lorocyproca
   104 | Abyss:1  | Noticed a spatial maelstrom
   108 | Abyss:1  | Noticed a spatial vortex
   109 | Abyss:1  | Noticed a spatial vortex
   111 | Abyss:1  | Noticed a spatial vortex
   131 | Abyss:2  | Noticed a small abomination
   250 | Abyss:2  | Noticed a small abomination
   256 | Abyss:2  | Noticed a large abomination
   260 | Abyss:2  | Noticed a ynoxinul
   261 | Abyss:2  | Noticed a tentacled starspawn
   262 | Abyss:2  | Noticed a hog
   264 | D:1      | Escaped the Abyss
   294 | D:1      | Reached skill level 1 in Dodging
   374 | D:1      | Mangled by a gnoll

Levels and vault maps discovered:
D:1:      dpeg_arrival_solitude, layout_basic
Abyss:1
Abyss:2

Skill      XL: |  1 |
---------------+----+-----
Dodging        | 1 |  1.4
Fighting       | |  3.2
Long Blades    | |  2.0
Armour         | |  2.1
Invocations    | |  2.1

Action                   || total
-------------------------++-------
Melee: Falchion          ||    18
Invok: Depart the Abyss  ||     1
Armor: Leather armour    ||     2
Dodge: Dodged            ||    17
       Rpst.: Falchion   ||     3

Table legend:
 A = Non-vault XP
 B = Vault XP
 C = Vault XP percentage of total XP
 D = Non-vault monster count
 E = Vault monster count
 F = Vault count percentage of total count
                 A         B        C        D         E       F
            +---------+---------+-------+---------+---------+-------
      Total |       6 |       0 |   0.0 |       4 |       0 |   0.0
            +---------+---------+-------+---------+---------+-------
        D:1 |       6 |       0 |   0.0 |       4 |       0 |   0.0
            +---------+---------+-------+---------+---------+-------
